 Dungeon Crawl Stone Soup version 0.25.1-2-g60ff931 (webtiles) character file.

Game seed: 7997398845674659217

12585 qdestroyer the Cleaver (level 11, 0/98 (99) HPs)
             Began as a Minotaur Fighter on Sept 8, 2020.
             Was a High Priest of Makhleb.
             Slain by a freezing wraith (2 damage)
             ... led by a death knight
             ... on level 10 of the Dungeon on Sept 9, 2020.
             The game lasted 00:18:03 (10661 turns).

qdestroyer the Cleaver (Minotaur Fighter)          Turns: 10661, Time: 00:18:05

HP:   0/98 (99)     AC: 19    Str: 24    XL:     11   Next: 64%
MP:   10/10         EV:  8    Int:  5    God:    Makhleb [*****.]
Gold: 467           SH: 12    Dex: 10    Spells: 10/10 levels left

rFire    . . .     SeeInvis .   a - +1 war axe
rCold    . . .     Gourm    .   c - +0 kite shield
rNeg     . . .     Faith    .   q - +0 plate armour
rPois    .         Spirit   .   (helmet restricted)
rElec    .         Reflect  .   m - +0 cloak
rCorr    .         Harm     .   (no gloves)
MR       .....                  p - +2 pair of boots
Stlth    ..........             (no amulet)
HPRegen  0.26/turn              w - ring of stealth
MPRegen  0.12/turn              (no ring)

@: no status effects
A: retaliatory headbutt, horns 2
a: Minor Destruction, Lesser Servant of Makhleb, Major Destruction, Greater
Servant of Makhleb, Renounce Religion


You were on level 10 of the Dungeon.
You worshipped Makhleb.
Makhleb was extremely pleased with you.
You were not hungry.

You visited 1 branch of the dungeon, and saw 11 of its levels.
You also visited: Sewer.

You collected 467 gold pieces.

Inventory:

Hand Weapons
 a - a +1 war axe (weapon)
Armour
 c - a +0 kite shield (worn)
 m - a +0 cloak (worn)
 p - a +2 pair of boots (worn)
 q - a +0 plate armour (worn)
Jewellery
 w - a ring of stealth (left hand)
Wands
 b - a wand of paralysis (25)
 r - a wand of enslavement (4)
 u - a wand of iceblast (15)
 v - a wand of random effects (17)
 C - a wand of flame (48)
 E - a wand of acid (7)
Scrolls
 d - 5 scrolls of teleportation
 j - a scroll of enchant weapon
 k - 6 scrolls of remove curse
 x - a scroll of enchant armour
Potions
 e - a potion of flight
 g - 2 potions of might
 h - 2 potions of heal wounds
 i - 4 potions of curing
 l - a potion of mutation
 n - 3 potions of magic {unknown}
 o - 2 potions of invisibility
 s - a potion of haste
 t - a potion of resistance
 z - 2 potions of berserk rage
 A - a potion of brilliance
 D - a potion of ambrosia
 F - a potion of stabbing
Comestibles
 f - 24 rations


   Skills:
 + Level 9.8 Fighting
 + Level 14.1 Axes
 + Level 10.1 Armour
 + Level 4.0 Dodging
 - Level 0.1 Stealth
 + Level 10.5 Shields


You had 10 spell levels left.
You didn't know any spells.
Your spell library contained the following spells:

 Spells                   Type           Power        Failure   Level  Hunger
 Infusion                 Chrm           #...         100%        1    ##.....
 Shroud of Golubria       Chrm/Tloc      #.....       100%        2    ###....
 Song of Slaying          Chrm           #.......     100%        2    ###....
 Ozocubu's Armour         Chrm/Ice       #.......     100%        3    ####...
 Spectral Weapon          Hex/Chrm       #.......     100%        3    ####...


Dungeon Overview and Level Annotations

Branches:
Dungeon (11/15)            Temple (0/1) D:4            Lair (0/6) D:10
    Orc (0/2) D:9           Sewer (visited)

Altars:
Ashenzari
Cheibriados
Dithmenos
Elyvilon
Fedhas
Hepliaklqana
Kikubaaqudgha
Makhleb
Okawaru
Ru
Vehumet
Wu Jian
Xom
Zin


Innate Abilities, Weirdness & Mutations

You reflexively headbutt those who attack you in melee.
You have a pair of horns on your head.


Message History

You hit the freezing wraith but do no damage.
The freezing wraith hits you. The freezing wraith freezes you!
You block the freezing wraith's attack.
You are too injured to fight recklessly!
You are too injured to fight recklessly!
The freezing wraith hits you but does no damage.
You block the freezing wraith's attack. The freezing wraith hits you!
The freezing wraith freezes you!
* * * LOW HITPOINT WARNING * * *
The freezing wraith hits you but does no damage.
You climb upwards.
There is a stone staircase leading down here.
You block the freezing wraith's attack.
The freezing wraith hits you but does no damage.
The freezing wraith hits you!
* * * LOW HITPOINT WARNING * * *
The freezing wraith freezes you!!
* * * LOW HITPOINT WARNING * * *
The freezing wraith hits you.
You die...

###..............##'#####.......#
#.......########......#.......#
#...)...#.............#.......#
#...#####.............#.......#
#...#.................#.......#
#...#.................#........
###...#.................#........
......#.....####........#..<.....
####..#.....#..#@.......#.###)P.P
#..####..#..W>W......#.#......
#.....####..##########.....P.P
#..<.................P....PP..
#..########...........P..PPPP.
#..#......########......P..PPP
#..'.............#...P.PPP.P.P
####..#.............#..P..PPPPPP.
......#.............#..P..PPP.PPP


You could see 2 freezing wraiths.

Vanquished Creatures
  Harold (D:7)
  2 two-headed ogres
  An unseen horror (D:10)
  Pikel (D:5)
  A centaur zombie (D:10)
  Joseph (D:7)
  Maggie (D:8)
  A hornet (D:8)
  Prince Ribbit (D:7)
  2 trolls
  5 hippogriffs
  Sigmund (D:3)
  2 yaks (D:10)
  Grum (D:9)
  Menkaure (D:7)
  2 porcupines (D:10)
  Purgy (Sewer)
  2 orc warriors
  3 ice beasts
  2 necrophages
  2 phantoms
  2 sky beasts
  2 black bears
  3 slaves (D:5)
  10 ogres
  2 wolves (D:9)
  8 centaurs
  2 crocodiles (D:10)
  6 big kobolds
  4 bullfrogs
  A gnoll sergeant (D:9)
  4 scorpions
  5 killer bees (D:8)
  5 howler monkeys
  2 bullfrog zombies
  6 crimson imps
  3 jellies
  A quasit (D:7)
  2 hounds
  6 orc priests
  Crazy Yiuf (D:2)
  A bullfrog skeleton (D:7)
  An iron imp (D:5)
  Jessica (D:3)
  A centaur skeleton (D:6)
  4 iguanas
  Terence (D:2)
  10 orc wizards
  5 worker ants
  A killer bee zombie (D:8)
  A worker ant zombie (D:7)
  Robin (D:2)
  2 howler monkey skeletons (D:10)
  17 gnolls
  8 adders
  An ooze (D:7)
  An adder zombie (D:8)
  3 adder skeletons
  5 worms
  5 dart slugs
  2 leopard geckos
  31 orcs
  4 giant cockroaches
  15 goblins
  11 hobgoblins
  9 jackals
  2 quokkas
  A ball python (D:1)
  10 bats
  8 frilled lizards
  20 kobolds
  A quokka skeleton (D:7)
  9 rats
301 creatures vanquished.

Vanquished Creatures (others)
  An adder (D:2)
  2 goblins (D:2)
  A hobgoblin (D:2)
  A quokka (D:2)
  A kobold (D:2)
  3 fungi (D:10)
9 creatures vanquished.

Grand Total: 310 creatures vanquished

Notes
Turn   | Place    | Note
-------+----------+-------------------------------------------
     0 | D:1      | qdestroyer the Minotaur Fighter began the quest for the
                  | Orb.
     0 | D:1      | Reached XP level 1. HP: 19/19 MP: 0/0
    86 | D:1      | Reached XP level 2. HP: 15/27 MP: 1/1
   903 | D:2      | Found a shadowy altar of Dithmenos.
   945 | D:1      | Reached skill level 3 in Axes
  1219 | D:1      | Reached XP level 3. HP: 9/33 MP: 2/2
  1232 | D:1      | HP: 1/33 [poisoned by an adder]
  1532 | D:2      | Found a radiant altar of Vehumet.
  1557 | D:2      | Noticed Robin
  1568 | D:2      | Reached XP level 4. HP: 36/40 MP: 3/3
  1576 | D:2      | Killed Robin
  1576 | D:2      | Reached skill level 1 in Dodging
  2079 | D:2      | Found a runed translucent door.
  2080 | D:2      | Noticed Crazy Yiuf
  2086 | D:2      | Killed Crazy Yiuf
  2086 | D:2      | Reached skill level 4 in Axes
  2086 | D:2      | Reached XP level 5. HP: 37/46 MP: 4/4
  2235 | D:2      | Found a burning altar of Makhleb.
  2247 | D:2      | Became a worshipper of Makhleb the Destroyer
  2274 | D:2      | Noticed Terence
  2281 | D:2      | Killed Terence
  2305 | D:2      | Reached skill level 5 in Armour
  2377 | D:2      | Found a white marble altar of Elyvilon.
  2525 | D:2      | Found an ornate altar of the Wu Jian Council.
  2834 | D:3      | Found a shattered altar of Ashenzari.
  2848 | D:3      | Noticed Jessica
  2855 | D:3      | Killed Jessica
  2920 | D:3      | Noticed Sigmund
  2926 | D:3      | Killed Sigmund
  2926 | D:3      | Reached skill level 5 in Axes
  2926 | D:3      | Reached XP level 6. HP: 53/53 MP: 5/5
  3411 | D:4      | Reached * piety under Makhleb
  3448 | D:4      | Found a glowing drain.
  3461 | D:4      | Reached skill level 5 in Shields
  3474 | Sewer    | Entered a sewer
  3669 | Sewer    | Noticed Purgy
  3680 | Sewer    | Killed Purgy
  3680 | Sewer    | Reached skill level 6 in Axes
  3680 | Sewer    | Reached XP level 7. HP: 41/60 MP: 6/6
  3960 | D:4      | Found a staircase to the Ecumenical Temple.
  4169 | D:4      | Found an iron altar of Okawaru.
  4558 | D:5      | Entered Level 5 of the Dungeon
  4590 | D:5      | Found an ancient bone altar of Kikubaaqudgha.
  4632 | D:5      | Reached skill level 5 in Fighting
  4673 | D:5      | Reached skill level 7 in Axes
  4755 | D:5      | Reached XP level 8. HP: 53/69 MP: 7/7
  4855 | D:5      | Found a glowing silver altar of Zin.
  4900 | D:5      | Noticed Pikel
  4927 | D:5      | Killed Pikel
  4927 | D:5      | Reached ** piety under Makhleb
  4927 | D:5      | Reached skill level 9 in Axes
  5100 | D:5      | Found a snail-covered altar of Cheibriados.
  5672 | D:6      | Reached XP level 9. HP: 64/75 MP: 8/8
  5689 | D:6      | Reached skill level 10 in Axes
  5988 | D:6      | Found a blossoming altar of Fedhas.
  6231 | D:7      | Reached *** piety under Makhleb
  6572 | D:7      | Noticed Prince Ribbit
  6588 | D:7      | Killed Prince Ribbit
  6588 | D:7      | Reached skill level 11 in Axes
  6724 | D:7      | Noticed Joseph
  6752 | D:7      | Killed Joseph
  6766 | D:7      | Noticed Menkaure
  6770 | D:7      | Killed Menkaure
  6788 | D:7      | Reached XP level 10. HP: 84/88 MP: 9/9
  7052 | D:7      | Noticed Harold
  7076 | D:7      | Killed Harold
  7305 | D:7      | Found a white marble altar of Elyvilon.
  7558 | D:8      | Reached skill level 12 in Axes
  7921 | D:8      | Found a shimmering altar of Xom.
  7933 | D:8      | Found a sacrificial altar of Ru.
  7970 | D:8      | Noticed Maggie
  7982 | D:8      | Killed Maggie
  8324 | D:8      | Reached **** piety under Makhleb
  8408 | D:8      | Noticed a two-headed ogre
  8417 | D:8      | Killed a two-headed ogre
  9036 | D:9      | Found a hazy altar of Hepliaklqana.
  9117 | D:9      | Noticed Grum
  9125 | D:9      | Reached XP level 11. HP: 79/94 MP: 10/10
  9150 | D:9      | Killed Grum
  9329 | D:9      | Reached skill level 13 in Axes
  9396 | D:9      | Found a staircase to the Orcish Mines.
  9399 | D:9      | Reached skill level 10 in Shields
  9534 | D:9      | Reached ***** piety under Makhleb
  9629 | D:10     | Entered Level 10 of the Dungeon
  9630 | D:10     | Noticed a two-headed ogre
  9639 | D:10     | Killed a two-headed ogre
  9902 | D:10     | Found a staircase to the Lair.
 10135 | D:10     | Killed an unseen horror
 10135 | D:10     | Reached skill level 14 in Axes
 10135 | D:10     | Reached skill level 10 in Armour
 10635 | D:11     | Noticed a skeletal warrior
 10661 | D:10     | HP: 2/98 [freezing wraith[a death knight] (18)]
 10661 | D:10     | Slain by a freezing wraith

Illustrated notes

Levels and vault maps discovered:
D:1:      shiori_arrival_whats_in_store_for_you, layout_basic
D:2:      layout_loops_ring, nicolae_dithmenos_shadow_blocks,
          nicolae_overflow_crystal_walls, fiery_altar_vehumet,
          lightli_temple_of_fire, marbit_many_paths, minivault_26,
          kennysheep_generic_room_9, uniq_terence, uniq_robin,
          uniq_crazy_yiuf_cottage
D:3:      layout_basic, ashenzari_altar_1, uniq_jessica, uniq_sigmund
D:4:      layout_basic, minmay_temple_entry_grid, first_ration,
          cheibrodos_sewer_entry_bend, okawaru_gym_becter
D:5:      layout_cave_pools, kiku_gazebo_garden_becter, kennysheep_mini,
          slow_altar_1, serial_park, serial_park_square1
          [serial_park_minivault_5x5_7], uniq_pikel
D:6:      wander_river, layout_rooms, kennysheep_little_box
D:7:      layout_basic, elyvilon_altar_5, uniq_menkaure, uniq_joseph,
          uniq_harold, uniq_prince_ribbit1
D:8:      layout_loops_cross, amethyst_overflow_temple_binary,
          blue_anna_alchemist [blue_anna_fruit_fields, blue_anna_fruit_fields],
          uniq_maggie
D:9:      layout_basic, lemuel_doored_altar,
          kennysheep_orc_monster_closet_entryway, kennysheep_generic_room_7,
          uniq_grum
D:10:     layout_irregular_city, due_lair_maze_entry_diamond
D:11:     layout_rooms, serial_bayou_pond_a, nicolae_underground_beach

Skill      XL: |  1  2  3  4  5  6  7  8  9 10 11 |
---------------+----------------------------------+-----
Shields        | 4 5 6 8 9 10 | 10.5
Fighting       | 4 5 6 7 8 9 |  9.8
Armour         | 4 5 6 7 9 10 | 10.1
Axes           | 3 4 5 6 7 9 11 12 14 | 14.1
Dodging        | 1 2 3 4 |  4.0
Stealth        | |  0.1

Action                   |  1- 3 |  4- 6 |  7- 9 | 10-12 || total
-------------------------+-------+-------+-------+-------++-------
Melee: War axe           |    92 |   155 |   285 |   421 ||   953
       Headbutt          |     9 |    22 |    45 |    98 ||   174
  Use: Scroll            |     4 |     4 |     3 |     7 ||    18
       Potion            |     1 |     1 |       |       ||     2
  Eat: Chunk             |     2 |     7 |    10 |    11 ||    30
       Ration            |       |       |       |     1 ||     1
Armor: Scale mail        |    46 |    64 |    31 |       ||   141
       Plate armour      |       |       |   112 |   208 ||   320
Dodge: Dodged            |    26 |    59 |    67 |    86 ||   238
Block: Kite shield       |    53 |   106 |   173 |   223 ||   555
